 Dungeon Crawl Stone Soup version 0.26-a0-712-ga5a9c9c9d0 (webtiles) character file.

Game seed: 17433067782187957980

56 gbos the Skirmisher (level 3, -3/40 HPs)
             Began as an Ogre Berserker on Nov 10, 2020.
             Was a Follower of Trog.
             Slain by a gnoll
             ... wielding a +0 club
              (10 damage)
             ... on level 2 of the Dungeon.
             The game lasted 00:00:53 (1312 turns).

gbos the Skirmisher (Ogre Berserker)                Turns: 1312, Time: 00:00:53

Health: -3/40      AC:  3    Str: 22    XL:     3   Next: 97%
Magic:  3/3        EV: 10    Int:  8    God:    Trog [*.....]
Gold:   97         SH:  0    Dex:  8    Spells: 2/2 levels left

rFire    . . .     SeeInvis .   a - +0 mace
rCold    . . .     Faith    .   (no shield)
rNeg     . . .     Spirit   .   b - +0 animal skin
rPois    .         Reflect  .   (helmet restricted)
rElec    .         Harm     .   (no cloak)
rCorr    .         Rampage  .   (gloves unavailable)
MR       .....                  (boots unavailable)
Stlth    +.........             (no amulet)
HPRegen  0.13/turn              (no ring)
MPRegen  0.08/turn              (no ring)

@: no status effects
A: large, unfitting armour, tough skin 1
a: Berserk, Renounce Religion


You were on level 2 of the Dungeon.
You worshipped Trog.
Trog was aware of your devotion.
You visited 1 branch of the dungeon, and saw 2 of its levels.

You collected 97 gold pieces.


Innate Abilities, Weirdness & Mutations

You are too large for most types of armour.
You have tough skin. (AC +1)


   Skills:
 + Level 4.6 Fighting
 * Level 3.6 Maces & Flails
 + Level 3.1 Dodging


You had 2 spell levels left.
You didn't know any spells.
Your spell library was empty.

Inventory:

Hand Weapons
 a - a +0 mace (weapon)
Armour
 b - a +0 animal skin (worn)
Scrolls
 f - a scroll of identify {unknown}
Potions
 c - a potion of heal wounds {unknown}
 d - a potion of resistance {unknown}
 e - a potion of lignification {unknown}

Dungeon Overview and Level Annotations

Branches:
Dungeon (2/15)

Altars:

▒...g...▒ ▒.▒▒▒▒▒.▒
▒▒▒▒▒▒▒▒▒(▒
▒.........▒
▒▒.▒▒▒▒▒▒..▒ .▒.
▒▒▒▒..▒ ▒▒▒.▒.▒
▒.....▒ ▒▒▒▒▒▒▒▒...▒.▒
▒.▒▒▒.▒ <.........▒▒.▒
▒O▒ ▒.▒
▒▒▒▒▒▒▒...▒▒.▒▒▒g▒▒▒.▒
...........>..÷..÷...▒
...▒▒...▒▒..▒▒▒.▒▒▒▒▒▒
▒..............▒▒▒
▒.▒▒.......▒.....▒ ▒
▒.......▒.▒.▒.▒
▒.......▒.▒.▒.▒
.........▒.▒...▒


You could see a gnoll.


Message History

The gnoll is severely wounded.
The gnoll hits you!
* * * LOW HITPOINT WARNING * * *
You hit the gnoll.
You kill the gnoll!
Trog accepts your kill.
Use which ability? (? or * to list)
You can't do that.
You see here 17 sling bullets.
Use which ability? (? or * to list)
You can't do that.
You see here a jackal skeleton.
You see here a jackal skeleton.
You hit the gnoll.
The gnoll is almost dead.
The gnoll barely misses you.
You barely miss the gnoll.
The gnoll is almost dead.
You barely miss the gnoll.
The gnoll is almost dead.
The gnoll barely misses you.
You barely miss the gnoll.
The gnoll is almost dead.
The gnoll hits you with a +0 flail.
* * * LOW HITPOINT WARNING * * *
You hit the gnoll.
You kill the gnoll!
Trog accepts your kill. The gnoll hits you with a +0 club!
You die...

Action                   || total
-------------------------++-------
Melee: Mace              ||   111
Invok: Trog's Hand       ||     2
Armor: Animal skin       ||    29
Dodge: Dodged            ||    69

Levels and vault maps discovered:
D:1:      dpeg_arrival_ratfight, layout_basic
D:2:      layout_basic, lemuel_doored_altar, nicolae_tso_swordbearing_angel

Notes
Turn   | Place    | Note
-------+----------+-------------------------------------------
     0 | D:1      | gbos the Ogre Berserker began the quest for the Orb.
     0 | D:1      | Reached XP level 1. HP: 24/24 MP: 1/1
   133 | D:1      | Reached XP level 2. HP: 32/32 MP: 2/2
   218 | D:1      | Reached skill level 3 in Maces & Flails
   985 | D:2      | Reached XP level 3. HP: 40/40 MP: 3/3
   991 | D:2      | Reached ** piety under Trog
   991 | D:2      | Reached skill level 3 in Dodging
  1048 | D:2      | HP: 12/40 [poisoned by an adder]
  1053 | D:2      | HP: 10/40 [poisoned by an adder]
  1287 | D:2      | HP: 7/40 [gnoll (8)]
  1311 | D:2      | HP: 7/40 [gnoll/+0 flail (3)]
  1312 | D:2      | Slain by a gnoll

Vanquished Creatures
  2 gnolls (D:2)
  An adder (D:2)
  2 dart slugs (D:1)
  2 giant cockroaches (D:1)
  2 goblins (D:1)
  3 jackals (D:2)
  4 kobolds (D:1)
  A ball python (D:1)
  3 bats
  A frilled lizard (D:2)
  7 rats (D:1)
28 creatures vanquished.
